 Dungeon Crawl Stone Soup version 0.27.1-4-g1640c2035a (webtiles) character file.

Game seed: 16630409733654626485

396 wingedge the Bolt Thrower (level 6, 0/37 HPs)
             Began as a Tengu Hunter on Nov 1, 2021.
             Was a Believer of Fedhas.
             Slain by a black bear (7 damage)
             ... on level 4 of the Dungeon.
             The game lasted 00:19:08 (3443 turns).

wingedge the Bolt Thrower (Tengu Hunter)            Turns: 3443, Time: 00:19:10

Health: 0/37       AC:  4    Str: 14    XL:     6   Next: 83%
Magic:  8/8        EV: 15    Int: 12    God:    Fedhas [**....]
Gold:   135        SH:  0    Dex: 14    Spells: 5/5 levels left

rFire    + . .     SeeInvis .   a - +1 hand crossbow
rCold    . . .     Faith    .   (no shield)
rNeg     . . .     Spirit   .   p - +1 robe {rF+}
rPois    .         Reflect  .   (helmet restricted)
rElec    .         Harm     .   q - +0 cloak
rCorr    .         Rampage  .   (no gloves)
Will     .....                  (boots unavailable)
Stlth    ++........             (no amulet)
HPRegen  0.12/turn              (no ring)
MPRegen  0.11/turn              (no ring)

@: flying quickly and evasively, quick
A: beak, talons 3, nimble flight
a: Renounce Religion, Wall of Briars


You were on level 4 of the Dungeon.
You worshipped Fedhas.
Fedhas was pleased with you.
You visited 1 branch of the dungeon, and saw 4 of its levels.

You collected 135 gold pieces.

Inventory:

Hand Weapons
 a - a +1 hand crossbow (weapon)
 b - a +0 halberd
 g - a +4 dagger
 n - a +0 eveningstar
 o - a +2 scythe of holy wrath
 r - a +0 morningstar
Missiles
 d - 9 bolts (quivered ammo)
 i - 57 arrows
 l - 8 poisoned darts
Armour
 c - a +0 leather armour
 e - a +0 ring mail
 p - a +1 robe of fire resistance (worn)
 q - a +0 cloak (worn)
Scrolls
 h - a scroll of enchant weapon {unknown}
 k - a scroll of brand weapon {unknown}
 s - a scroll of amnesia {unknown}
 t - a scroll of magic mapping {unknown}
Potions
 f - 2 potions of haste
 j - a potion of berserk rage
 m - a potion of flight


   Skills:
 + Level 3.0 Fighting
 - Level 1.7 Short Blades
 + Level 2.0 Maces & Flails
 - Level 1.0 Polearms
 * Level 5.7 Crossbows
 + Level 3.2 Dodging
 + Level 3.2 Stealth
 + Level 1.7 Invocations


You had 5 spell levels left.
You didn't know any spells.
Your spell library was empty.

Dungeon Overview and Level Annotations

Branches:
Dungeon (4/15)
 Temple: D:4-7

Altars:
Fedhas
Trog


Innate Abilities, Weirdness & Mutations

You have a beak for a mouth.
You have claws for feet.
Your magical nature lets you fly swiftly and evasively.


Message History

Press: ? - help, Q - select action, (/) - cycle Shift-Dir - straight line, f/p - black bear
Aim: a black bear (heavily wounded, 72% to hit)
You shoot a bolt. The bolt hits the black bear!
The black bear is almost dead.
The hound skeleton bites you.
Fire: 13 bolts
Press: ? - help, Q - select action, (/) - cycle Shift-Dir - straight line, f/p - black bear
Aim: a black bear (almost dead, 72% to hit)
You shoot a bolt. The bolt barely misses the black bear.
The hound skeleton misses you. The hound skeleton closely misses you.
The black bear goes berserk!
Fire: 12 bolts
Press: ? - help, Q - select action, (/) - cycle Shift-Dir - straight line, f/p - black bear
Aim: a black bear (almost dead, berserk, 72% to hit)
You shoot a bolt.
The bolt hits the black bear but does no damage.
The black bear is almost dead.
The black bear bites you! The black bear closely misses you.
The black bear misses you. The hound skeleton closely misses you.
The black bear bites you. The black bear misses you. The black bear claws you.
The hound skeleton closely misses you.
Fire: 11 bolts
Press: ? - help, Q - select action, (/) - cycle Shift-Dir - straight line, f/p - black bear
Aim: a black bear (almost dead, berserk, 72% to hit)
You shoot a bolt. The bolt hits the black bear.
The black bear is almost dead.
The black bear bites you. The black bear closely misses you.
The black bear claws you. The hound skeleton barely misses you.
Fire: 10 bolts
Press: ? - help, Q - select action, (/) - cycle Shift-Dir - straight line, f/p - black bear
Aim: a black bear (almost dead, berserk, 72% to hit)
You shoot a bolt. The bolt hits the black bear.
The black bear is almost dead.
The black bear bites you!
* * * LOW HITPOINT WARNING * * *
The black bear closely misses you. x2
The hound skeleton bites you but does no damage.
The black bear bites you!
You die...
Fedhas appreciates your contribution to the ecosystem.

(........
.(......#
.((......
......... #
....(...##.#
.........#.#
.(....h....#.#
.(.(.(Z@.###.#
######.#...#.#
#.....#.#
#####...#
#≈≈≈≈≈≈#
####...#
####..######
#..<........
#.##########


You could see a black bear (berserk) and a hound skeleton.

Vanquished Creatures
  Sigmund (D:2)
  A centaur skeleton (D:3)
  Jessica (D:3)
  An orc wizard (D:2)
  6 adders
  5 worms
  2 dart slugs
  5 orcs
  7 bats
  5 endoplasms
  2 giant cockroaches
  3 goblins
  6 hobgoblins
  12 jackals
  4 kobolds
  2 quokkas
  4 ball pythons
  2 frilled lizards
  11 rats
80 creatures vanquished.

Notes
Turn   | Place    | Note
-------+----------+-------------------------------------------
     0 | D:1      | wingedge the Tengu Hunter began the quest for the Orb.
     0 | D:1      | Reached XP level 1. HP: 12/12 MP: 2/2
    44 | D:1      | Reached XP level 2. HP: 17/17 MP: 3/3
   150 | D:1      | Reached skill level 5 in Crossbows
   239 | D:1      | Found a faded altar of an unknown god.
   247 | D:1      | Became a worshipper of Fedhas Madash
   247 | D:1      | Reached * piety under Fedhas
   743 | D:2      | Reached XP level 3. HP: 21/21 MP: 4/4
   748 | D:2      | Reached skill level 1 in Short Blades
   805 | D:2      | Reached XP level 4. HP: 5/26 MP: 5/5
  1759 | D:2      | Noticed Sigmund
  1772 | D:2      | Killed Sigmund
  1773 | D:2      | Reached skill level 1 in Maces & Flails
  1773 | D:2      | Reached skill level 1 in Invocations
  1773 | D:2      | Gained mutation: Your magical nature lets you fly swiftly
                  | and evasively. [Tengu growth]
  1773 | D:2      | Reached XP level 5. HP: 5/31 MP: 5/7
  1773 | D:2      | Reached XP level 6. HP: 6/36 MP: 5/8
  2781 | D:3      | Reached ** piety under Fedhas
  3101 | D:3      | Reached skill level 1 in Polearms
  3275 | D:3      | Noticed Jessica
  3277 | D:3      | Killed Jessica
  3320 | D:3      | Found a bloodstained altar of Trog.
  3434 | D:4      | Noticed a black bear
  3443 | D:4      | Slain by a black bear

Illustrated notes

Levels and vault maps discovered:
D:1:      scummos_arrival_checkerplants, layout_basic, basic_ecumenical_altar
D:2:      wander_river, layout_basic, uniq_sigmund
D:3:      layout_rooms, marbit_many_paths, uniq_jessica
D:4:      layout_basic, nicolae_take_the_stairs, chequers_serial_rivers_micro_b,
          minmay_misc_feat_cross

Skill      XL: |  1  2  3  4  5  6 |
---------------+-------------------+-----
Crossbows      | 5 |  5.7
Short Blades   | 1 |  1.7
Stealth        | 2 3 |  3.2
Maces & Flails | 1 2 |  2.0
Dodging        | 3 |  3.2
Invocations    | 1 |  1.7
Polearms       | 1 |  1.0
Fighting       | 3 |  3.0

Action                   |  1- 3 |  4- 6 || total
-------------------------+-------+-------++-------
Melee: Dagger            |    35 |    14 ||    49
       Kick              |     8 |     9 ||    17
       Peck              |     6 |     2 ||     8
       Eveningstar       |       |     3 ||     3
       Scythe            |       |    11 ||    11
 Fire: Hand crossbow     |    16 |   121 ||   137
  Use: Scroll            |       |     4 ||     4
Armor: Leather armour    |     4 |     6 ||    10
       Robe              |       |    10 ||    10
Dodge: Dodged            |    17 |    47 ||    64
